 Dungeon Crawl Stone Soup version 0.26.1-11-gd32895ea62 (webtiles) character file.

Game seed: 6760714570470479776

4376 Descartes the Grappler (level 10, 0/96 HPs)
             Began as a Troll Chaos Knight on June 3, 2021.
             Was a Plaything of Xom.
             Slain by a boulder beetle (16 damage)
             ... on level 9 of the Dungeon.
             The game lasted 00:18:38 (7861 turns).

Descartes the Grappler (Troll Chaos Knight)         Turns: 7861, Time: 00:18:39

Health: 0/96       AC:  9    Str: 22    XL:     10   Next: 13%
Magic:  12/12      EV: 11    Int:  9    God:    Xom [......]
Gold:   558        SH:  9    Dex:  9    Spells: 12/13 levels left

rFire    . . .     SeeInvis .     - Unarmed
rCold    . . .     Faith    .   o - +0 kite shield
rNeg     + . .     Spirit   .   F - +0 troll leather armour
rPois    .         Reflect  .   (helmet restricted)
rElec    .         Harm     .   d - +0 cloak
rCorr    .         Rampage  .   (gloves unavailable)
Will     .....                  (boots unavailable)
Stlth    ++........             (no amulet)
HPRegen  1.06/turn              u - ring of positive energy
MPRegen  0.13/turn              (no ring)

@: no status effects
A: large, unfitting armour, claws 3, repulsion field 1, camouflage 1, clumsy 1,
regeneration 1, shaggy fur 1, tough skin 3, evolution 2, sturdy frame 1
a: Renounce Religion


You were on level 9 of the Dungeon.
You worshipped Xom.
You were a very special plaything of Xom.
You visited 1 branch of the dungeon, and saw 9 of its levels.

You collected 558 gold pieces.

Inventory:

Hand Weapons
 G - a +2 long sword of holy wrath
Missiles
 g - 251 stones (quivered)
 q - 2 atropa-tipped darts
 A - 34 poisoned darts
 B - 6 large rocks
 D - 2 throwing nets
Armour
 a - a +2 robe
 d - a +0 cloak (worn)
 i - a +1 robe of fire resistance
 o - a +0 kite shield (worn)
 F - a +0 troll leather armour (worn)
 H - +0 steam dragon scales
Jewellery
 j - an uncursed ring of positive energy
 u - a ring of positive energy (left claw)
Wands
 n - a wand of disintegration (18)
 p - a wand of acid (5)
 y - a wand of iceblast (16)
 E - a wand of flame (14)
 J - a wand of enslavement (7)
Scrolls
 b - a scroll of enchant weapon
 c - 5 scrolls of teleportation
 f - a scroll of vulnerability
 k - 4 scrolls of amnesia
 m - 3 scrolls of remove curse
 C - a scroll of identify
 I - a scroll of immolation
Potions
 h - a potion of invisibility
 l - a potion of cancellation {unknown}
 r - 2 potions of mutation
 s - 3 potions of haste {unknown}
 t - 2 potions of resistance {unknown}
 v - 2 potions of flight {unknown}
 w - 2 potions of degeneration {unknown}
 x - 3 potions of lignification {unknown}
 z - a potion of brilliance {unknown}


   Skills:
 + Level 5.1 Fighting
 + Level 4.5 Throwing
 + Level 4.8 Dodging
 + Level 3.9 Shields
 * Level 8.3 Unarmed Combat
 + Level 2.0 Spellcasting
 + Level 2.3 Transmutations
 + Level 3.5 Evocations


You had 12 spell levels left.
You knew the following spells:

 Your Spells              Type           Power        Failure   Level
a - Beastly Appendage     Tmut           10%          36%         1

Your spell library contained the following spells:

 Spells                   Type           Power        Failure   Level
 Wereblood                Tmut           5%           52%         2
 Spider Form              Tmut/Pois      1%           88%         3
 Ice Form                 Ice/Tmut       3%           99%         4
 Blade Hands              Tmut           2%           100%        5


Dungeon Overview and Level Annotations

Branches:
Dungeon (9/15)             Temple (0/1) D:6            Lair (0/6) D:8
    Orc: D:9-12

Altars:
Elyvilon
Fedhas
Kikubaaqudgha
Nemelex Xobeh
Okawaru
Qazlal
Trog
Uskayaw
Vehumet
Wu Jian
Zin
The Shining One

Shops:
D:9 ((


Innate Abilities, Weirdness & Mutations

You are too large for most types of armour.
You have claws for hands.
Your natural rate of healing is unusually fast.
You are covered in fur. (AC +1)
You have extremely tough skin. (AC +3)
You are surrounded by a mild repulsion field. (EV +2)
Your skin changes colour to match your surroundings (Stealth+).
You are clumsy. (Dex -2)
You rapidly evolve.
Your movements are slightly less encumbered by armour. (ER -2)


Message History

The gnoll barely misses you. The gnoll hits you but does no damage.
The boulder beetle leaps!
You block the gnoll's attack. The gnoll closely misses you.
The gnoll barely misses you.
The boulder beetle curls into a ball and begins rolling!
You block the gnoll's attack.
Things that are here:
a +0 spear; a gnoll corpse You block the gnoll's attack.
The boulder beetle closely misses you.
The boulder beetle stops rolling and uncurls.
The gnoll closely misses you.
A hound comes into view.
You block the boulder beetle's attack.
The hound barks!
Xom plays with reality for a moment.
You are now a very special plaything of Xom.
The boulder beetle bites you!
You die...
Xom giggles madly!

#
.################
.
................#
.
..h.............#
.
........B.......#
.
.......@.g.)....#
.
.....r....g.....#
#################


You could see a boulder beetle, a hound, 2 gnolls and a friendly rat (summoned).

Vanquished Creatures
  Harold (D:8)
  Pikel (D:7)
  Maggie (D:8)
  Grinder (D:5)
  A yak (D:7)
  A wraith (D:7)
  A steam dragon (D:5)
  A neqoxec (D:7)
  An ice beast (D:5)
  An eye of draining (D:4)
  2 orc warriors
  A black bear (D:7)
  2 sky beasts
  3 ogres
  A phantom (D:5)
  2 centaurs (D:7)
  2 bullfrogs
  4 scorpions
  2 killer bees (D:7)
  3 wights (D:8)
  4 howler monkeys
  2 jellies (D:8)
  3 hounds
  4 orc wizards
  A bullfrog skeleton (D:5)
  5 worker ants
  A hound zombie (D:6)
  A hound skeleton (D:4)
  6 adders
  6 gnolls
  A shadow imp (D:6)
  2 white imps (D:5)
  2 adder skeletons
  2 adder zombies
  5 worms
  2 dart slugs (D:3)
  4 leopard geckos
  25 orcs
  13 bats
  6 giant cockroaches
  6 goblins
  6 hobgoblins
  13 jackals
  6 kobolds
  3 quokkas
  3 ball pythons (D:1)
  2 frilled lizards
  2 quokka skeletons
  2 quokka zombies
  5 rats
  5 bushes (D:2)
180 creatures vanquished.

Vanquished Creatures (collateral kills)
  2 killer bees (D:7)
  A quokka (D:7)
3 creatures vanquished.

Vanquished Creatures (others)
  5 plants
5 creatures vanquished.

Grand Total: 188 creatures vanquished

Notes
Turn   | Place    | Note
-------+----------+-------------------------------------------
     0 | D:1      | Descartes the Troll Chaos Knight began the quest for the
                  | Orb.
     0 | D:1      | Reached XP level 1. HP: 22/22 MP: 0/0
    10 | D:1      | XOM: potion effect (invisibility)
    17 | D:1      | XOM: silly message
   120 | D:1      | XOM: 5-stop teleportation journey
   147 | D:1      | Reached XP level 2. HP: 29/29 MP: 1/1
   266 | D:1      | XOM: noise
   340 | D:1      | XOM is BORED!
   340 | D:1      | XOM: noise
   431 | D:1      | XOM: noise
   444 | D:1      | Noticed a howler monkey
   444 | D:1      | a kobold changed into a howler monkey
   444 | D:1      | XOM: polymorph kobold -> howler monkey
   450 | D:1      | Killed a howler monkey
   451 | D:1      | Reached XP level 3. HP: 36/36 MP: 2/2
   784 | D:2      | Reached skill level 4 in Unarmed Combat
   784 | D:2      | Reached XP level 4. HP: 44/44 MP: 3/3
   788 | D:2      | Found an iron altar of Okawaru.
   896 | D:2      | Reached skill level 1 in Throwing
  1459 | D:2      | XOM is BORED!
  1459 | D:2      | XOM: summons 1 hostile shadow creature
  1620 | D:2      | XOM: give mutations
  1620 | D:2      | Gained mutation: You are clumsy. (Dex -2) [Xom's mischief]
  1620 | D:2      | Gained mutation: You are very clumsy. (Dex -4) [Xom's
                  | mischief]
  1707 | D:2      | XOM: give mutations
  1707 | D:2      | Gained mutation: Your magical capacity is low. (-10% MP)
                  | [Xom's mischief]
  1707 | D:2      | Gained mutation: Armour fits poorly on your strangely
                  | shaped body. [Xom's mischief]
  2303 | D:3      | XOM: scenery: summon butterflies
  2338 | D:4      | Reached XP level 5. HP: 53/53 MP: 3/3
  2430 | D:4      | XOM: scenery: summon butterflies
  2638 | D:4      | XOM: god gift: 23 gold pieces
  2641 | D:4      | Found a hide-covered altar of Uskayaw.
  2699 | D:4      | Found a bloodstained altar of Trog.
  2700 | D:4      | Noticed an eye of draining
  2700 | D:4      | Noticed an eye of draining
  2702 | D:4      | Noticed a sky beast
  2702 | D:4      | an eye of draining changed into a sky beast
  2702 | D:4      | XOM: polymorph eye of draining -> sky beast
  2718 | D:4      | Killed an eye of draining
  2719 | D:4      | Reached XP level 6. HP: 16/61 MP: 0/4
  2726 | D:4      | Killed a sky beast
  2727 | D:4      | Reached skill level 1 in Shields
  2727 | D:4      | Reached skill level 5 in Unarmed Combat
  2727 | D:4      | Reached skill level 1 in Evocations
  2744 | D:4      | XOM: summons 4 hostile demons
  2877 | D:4      | XOM: summons 4 hostile shadow creatures
  2960 | D:4      | Found a glowing golden altar of the Shining One.
  3279 | D:5      | Entered Level 5 of the Dungeon
  3290 | D:5      | Noticed Grinder
  3292 | D:5      | Paralysed by Grinder for 4 turns
  3303 | D:5      | XOM: silly message
  3311 | D:5      | Killed Grinder
  3312 | D:5      | Reached XP level 7. HP: 45/67 MP: 5/5
  3543 | D:5      | XOM: confusion (+ monsters)
  3718 | D:5      | XOM: stat loss: -1 Str (20/21)
  3990 | D:5      | Reached skill level 6 in Unarmed Combat
  4042 | D:5      | XOM: smoke on damage
  4052 | D:5      | Noticed a steam dragon
  4052 | D:5      | an adder changed into a steam dragon
  4052 | D:5      | XOM: polymorph adder -> steam dragon
  4056 | D:5      | Reached XP level 8. HP: 52/78 MP: 6/6
  4240 | D:5      | Found a glowing silver altar of Zin.
  4572 | D:5      | Lost mutation: Your magical capacity is low. (-10% MP)
                  | [potion of mutation]
  4572 | D:5      | Lost mutation: You are very clumsy. (Dex -4) [potion of
                  | mutation]
  4572 | D:5      | Lost mutation: You are clumsy. (Dex -2) [potion of
                  | mutation]
  4572 | D:5      | Gained mutation: Your movements are slightly less
                  | encumbered by armour. (ER -2) [potion of mutation]
  4572 | D:5      | Gained mutation: You evolve. [potion of mutation]
  4572 | D:5      | Gained mutation: You rapidly evolve. [potion of mutation]
  4572 | D:5      | Gained mutation: You are surrounded by a mild repulsion
                  | field. (EV +2) [potion of mutation]
  4616 | D:6      | Learned a level 1 spell: Beastly Appendage
  4732 | D:6      | Found an ancient bone altar of Kikubaaqudgha.
  4733 | D:6      | Found a radiant altar of Vehumet.
  4735 | D:6      | Found a blossoming altar of Fedhas.
  4755 | D:6      | XOM: enchant monster (bad)
  4910 | D:6      | Found a staircase to the Ecumenical Temple.
  4910 | D:6      | XOM: 2-stop teleportation journey
  4995 | D:6      | Found a sparkling altar of Nemelex Xobeh.
  5351 | D:7      | Gained mutation: Your skin changes colour to match your
                  | surroundings (Stealth+). [evolution]
  5364 | D:7      | XOM: noise
  5366 | D:7      | XOM: stat loss: -1 Int (7/8)
  5497 | D:7      | Reached skill level 1 in Transmutations
  5532 | D:7      | Reached skill level 7 in Unarmed Combat
  5684 | D:7      | Found a white marble altar of Elyvilon.
  5758 | D:7      | Found a stormy altar of Qazlal.
  5860 | D:7      | Reached XP level 9. HP: 85/85 MP: 9/9
  5884 | D:7      | Reached skill level 1 in Spellcasting
  5960 | D:7      | Found a sand-covered staircase.
  6267 | D:8      | Noticed Harold
  6276 | D:8      | XOM: smoke on damage
  6277 | D:8      | XOM: potion effect (heal wounds)
  6280 | D:8      | Noticed Pikel
  6289 | D:8      | XOM: noise
  6299 | D:7      | XOM: summons friendly ufetubus
  6362 | D:7      | XOM: summons 4 hostile shadow creatures
  6494 | D:7      | XOM: summons 4 friendly demons
  6509 | D:7      | HP: 3/85 [killer bee (9)]
  6644 | D:8      | XOM: polymorph black bear -> worker ant
  6649 | D:7      | XOM: polymorph lemure -> neqoxec
  6650 | D:7      | Killed Pikel
  6653 | D:7      | Gained mutation: You are clumsy. (Dex -2) [a neqoxec]
  6662 | D:7      | XOM: silly message
  6725 | D:8      | Killed Harold
  6846 | D:8      | Noticed Maggie
  6848 | D:8      | XOM: chaos cloud
  6858 | D:8      | XOM: give mutation
  6858 | D:8      | Lost mutation: Armour fits poorly on your strangely shaped
                  | body. [Xom's mischief]
  6862 | D:8      | Killed Maggie
  6863 | D:8      | Reached skill level 8 in Unarmed Combat
  6872 | D:8      | Reached skill level 5 in Fighting
  6959 | D:8      | XOM: divination: detect creatures
  7089 | D:8      | Reached XP level 10. HP: 96/96 MP: 11/11
  7244 | D:8      | Found a staircase to the Lair.
  7343 | D:8      | Found an ornate altar of the Wu Jian Council.
  7362 | D:8      | XOM: divination: detect items
  7418 | D:8      | XOM: noise
  7426 | D:8      | XOM: 9-stop teleportation journey
  7714 | D:9      | Found Unocotwu's Antique Weapon Shop.
  7714 | D:9      | Found Geimp's Antique Weapon Shop.
  7729 | D:8      | XOM: silly message
  7816 | D:9      | Noticed a boulder beetle
  7842 | D:9      | XOM: noise
  7844 | D:9      | HP: 2/96 [boulder beetle (38)]
  7851 | D:9      | XOM: divination: detect items
  7861 | D:9      | XOM: cast spell 'Summon Small Mammal'
  7861 | D:9      | Slain by a boulder beetle

Illustrated notes

Levels and vault maps discovered:
D:1:      onia_arrival_handbag, layout_basic
D:2:      layout_loops_ring, okawaru_ov_weapons_minmay, serial_forest,
          infiniplex_forest_straight_5, infiniplex_forest_end_2,
          infiniplex_forest_zigzag_1, infiniplex_forest_join,
          infiniplex_forest_clump_medium, infiniplex_forest_lined_2,
          infiniplex_forest_zigzag_1, infiniplex_forest_straight_2,
          infiniplex_forest_lined_1
D:3:      layout_rooms, kennysheep_generic_room_15
D:4:      layout_loops_ring, nicolae_overflow_hidden_temple, tso_altar,
          moated_statue, trog_eyes_of_draining
D:5:      layout_cave_pods, zin_scriptorium, uniq_grinder
D:6:      layout_basic, overflow_temple_1_default,
          chequers_temple_overflow_statue_of_worship,
          minmay_temple_entry_offerings
D:7:      layout_loops_ring, nicolae_qazlal_general_emergency,
          nicolae_overflow_crystal_walls, nicolae_ossuary_entry_monument
D:8:      layout_cave_pods, kennysheep_little_box,
          grunt_lair_entry_orc_guard_hut, uniq_pikel, uniq_maggie, uniq_harold
D:9:      layout_cross, nicolae_dithmenos_shadow_blocks, kennysheep_mini,
          serial_shops, nicolae_shop_crystal, shop_fountains, shop,
          nicolae_shop_crystal, nicolae_shop_overgrown_old_shop,
          doesnt_xom_only_xom

Skill      XL: |  1  2  3  4  5  6  7  8  9 10 |
---------------+-------------------------------+-----
Dodging        | 2 3 4 |  4.8
Unarmed Combat | 4 5 6 7 8 |  8.3
Throwing       | 1 2 3 4 |  4.5
Fighting       | 3 4 5 |  5.1
Shields        | 1 2 3 |  3.9
Evocations     | 1 2 3 |  3.5
Transmutations | 1 2 |  2.3
Spellcasting   | 1 2 |  2.0

Action                   |  1- 3 |  4- 6 |  7- 9 | 10-12 || total
-------------------------+-------+-------+-------+-------++-------
Melee: Unarmed           |    66 |   342 |   357 |    67 ||   832
       Punch             |       |     9 |     4 |       ||    13
       Long sword        |       |       |       |     8 ||     8
  Use: Scroll            |       |       |    12 |       ||    12
       Potion            |       |       |     5 |     2 ||     7
 Stab: Sleeping          |     1 |       |     2 |     1 ||     4
       Invisible         |     1 |       |       |       ||     1
       Confused          |       |       |     1 |       ||     1
       Distracted        |       |       |     1 |       ||     1
Armor: Robe              |    31 |    82 |   155 |       ||   268
       Troll leather arm |       |       |    19 |    16 ||    35
Dodge: Dodged            |    45 |    91 |   325 |    29 ||   490
Block: Kite shield       |       |       |    14 |    30 ||    44
       Rpst.: Long sword |       |       |       |     3 ||     3
